 Dungeon Crawl Stone Soup version 0.22-a0-410-g97be04f (webtiles) character file.

1675 Collin1234 the Covered (level 9, 0/55 HPs)
             Began as a Gargoyle Berserker on May 10, 2018.
             Was a Believer of Trog.
             Slain by an orc warrior
             ... wielding a +2 scimitar of flaming
              (4 damage)
             ... on level 6 of the Dungeon on May 11, 2018.
             The game lasted 00:18:52 (4443 turns).

Collin1234 the Covered (Gargoyle Berserker)         Turns: 4443, Time: 00:18:52

Health: 0/55       AC: 20    Str: 20    XL:     9   Next: 1%
Magic:  12/13      EV:  7    Int: 11    God:    Trog [**....]
Gold:   225        SH:  0    Dex: 13    Spells: 13/13 levels left

rFire    . . .     SeeInvis +   q - +4 mace (holy)
rCold    . . .     Gourm    .   (no shield)
rNeg     + + .     Faith    .   f - +0 plate armour
rPois    ∞         Spirit   .   (no helmet)
rElec    +         Reflect  .   (no cloak)
rCorr    .         Harm     .   j - +0 pair of gloves
MR       .....     Rnd*Tele +   (no boots)
Stlth    ..........             k - amulet of regeneration
HPRegen  0.58/turn              n - +2 ring of intelligence
MPRegen  0.13/turn              u - ring of Dishonour {*Tele rN+ Str-2 Dex+3 SInv}

@: about to teleport
A: negative energy resistance 1, electricity resistance, unbreathing,
petrification resistance, rot immunity, AC +6
a: Berserk, Trog's Hand, Renounce Religion


You were on level 6 of the Dungeon.
You worshipped Trog.
Trog was pleased with you.
You were not hungry.

You visited 1 branch of the dungeon, and saw 6 of its levels.

You collected 225 gold pieces.

Inventory:

Hand Weapons
 e - a +0 hand axe of venom
 q - a +4 mace of holy wrath (weapon)
 r - a +1 short sword of draining
Missiles
 h - 146 stones
 p - 12 tomahawks (quivered)
Armour
 f - a +0 plate armour (worn)
 j - a +0 pair of gloves (worn)
Jewellery
 d - an uncursed amulet of the gourmand
 k - an amulet of regeneration (around neck)
 n - a +2 ring of intelligence (left hand)
 u - the ring of Dishonour (right hand) {*Tele rN+ Str-2 Dex+3 SInv}
   (You found it on level 4 of the Dungeon)

   [ring of teleportation]

   It may teleport you next to monsters.
   It affects your strength (-2).
   It affects your dexterity (+3).
   It protects you from negative energy.
   It lets you see invisible.
Scrolls
 t - a scroll of remove curse
Potions
 g - a potion of mutation
 i - a potion of agility {unknown}
 l - a potion of curing {unknown}
 m - 2 potions of might
 o - a potion of brilliance {unknown}
 s - a potion of haste
 v - 2 potions of cancellation
 w - a potion of flight
 x - a potion of degeneration {unknown}
 A - a potion of berserk rage
Comestibles
 c - 5 rations


   Skills:
 + Level 5.9 Fighting
 + Level 5.1(6.0) Axes
 + Level 5.2(6.4) Maces & Flails
 + Level 0.8 Throwing
 + Level 6.3 Armour
 + Level 2.6 Dodging
 + Level 0.5 Stealth
 * Level 2.7 Spellcasting


You had 13 spell levels left.
You didn't know any spells.

Dungeon Overview and Level Annotations

Branches:
Dungeon (6/15)
 Temple: D:4-7

Altars:
Ashenzari
Cheibriados
Okawaru
Uskayaw
Wu Jian
Zin

Shops:
D:6 %


Innate Abilities, Weirdness & Mutations

You are resistant to torment.
Your stone body is resilient. (AC +6)
You are immune to poison.
You resist negative energy. (rN+)
You are resistant to electric shocks. (rElec)
You can survive without breathing.
You are immune to petrification.
You are immune to rotting.


Message History

* * * LOW HITPOINT WARNING * * *
The orc warrior burns you.
* * * LOW HITPOINT WARNING * * *
The orc priest calls down the wrath of Beogh upon you.
Pain shoots through your body!
* * * LOW HITPOINT WARNING * * *
The orc wizard gestures at you while chanting.
The magic dart hits you!
* * * LOW HITPOINT WARNING * * *
As you read the scroll of teleportation, it crumbles to dust.
You feel strangely unstable. The orc hits you but does no damage.
The orc warrior hits you but does no damage.
The orc priest hits you but does no damage.
The orc wizard closely misses you.
You thump the orc priest!
The orc priest is almost dead.
The orc barely misses you.
The orc priest hits you but does no damage.
The orc warrior hits you with a scimitar of flaming.
You die...

..... ...... ......
...... ######......
#...........
#...........
###########...........
#.....o@o...∩.........
...>..oo..............
....#######.?.........
... .......#####. .
#................
..................
##................
#................ #
...........


You could see an orc warrior, an orc priest, an orc wizard and an orc.

Vanquished Creatures
  The ghost of thechecker02 the Cleaver, a novice NaFi of Cheibriados (D:6)
  Sigmund (D:2)
  The ghost of garrulousMonolith the Gusty, an amateur DrAE of Vehumet (D:4)
  An orc warrior (D:4)
  A sky beast (D:5)
  The ghost of CanOfBees the Gusty, an amateur TeAE (D:3)
  A bullfrog (D:6)
  A scorpion (D:4)
  A howler monkey (D:5)
  A centaur zombie (D:4)
  A gnoll shaman (D:5)
  A hound (D:4)
  An orc wizard (D:3)
  A centaur skeleton (D:5)
  3 worker ants
  A hound zombie (D:5)
  6 gnolls (D:5)
  An ooze (D:2)
  2 adder zombies (D:5)
  An adder skeleton (D:4)
  5 worms
  4 dart slugs
  5 leopard geckos
  10 orcs
  8 giant cockroaches
  10 goblins
  11 hobgoblins
  8 jackals
  6 quokkas
  3 bats
  8 frilled lizards
  10 kobolds
  A leopard gecko skeleton (D:4)
  A quokka skeleton (D:4)
  5 rats
123 creatures vanquished.

Vanquished Creatures (others)
  An adder (D:3)
  2 orcs (D:3)
  A plant (D:3)
4 creatures vanquished.

Grand Total: 127 creatures vanquished

Notes
Turn   | Place    | Note
-------+----------+-------------------------------------------
     0 | D:1      | Collin1234 the Gargoyle Berserker began the quest for the Orb.
     0 | D:1      | Reached XP level 1. HP: 14/14 MP: 1/1
   217 | D:1      | Reached XP level 2. HP: 14/19 MP: 2/2
   559 | D:1      | Reached XP level 3. HP: 24/24 MP: 3/3
  1130 | D:2      | Reached ** piety under Trog
  1390 | D:2      | Noticed Sigmund
  1438 | D:2      | Killed Sigmund
  1438 | D:2      | Reached skill level 3 in Armour
  1438 | D:2      | Reached XP level 4. HP: 12/30 MP: 4/4
  1438 | D:2      | Reached XP level 5. HP: 13/34 MP: 5/5
  1784 | D:3      | Reached XP level 6. HP: 39/39 MP: 6/6
  1796 | D:3      | Reached skill level 4 in Armour
  1798 | D:3      | Upgraded the game from 0.22-a0-409-gb855193 to 0.22-a0-410-g97be04f
  1883 | D:3      | Found a snail-covered altar of Cheibriados.
  2289 | D:3      | Noticed CanOfBees's ghost (amateur TeAE)
  2310 | D:3      | Killed CanOfBees's ghost
  2313 | D:3      | Reached *** piety under Trog
  2874 | D:4      | Found an iron altar of Okawaru.
  2889 | D:4      | Noticed garrulousMonolith's ghost (amateur DrAE)
  2904 | D:4      | Reached XP level 7. HP: 41/44 MP: 7/7
  2918 | D:4      | Killed garrulousMonolith's ghost
  2918 | D:4      | Reached skill level 5 in Axes
  2918 | D:4      | Reached skill level 1 in Maces & Flails
  3004 | D:4      | Reached skill level 5 in Armour
  3323 | D:4      | Found an ornate altar of the Wu Jian Council.
  3416 | D:4      | Reached skill level 5 in Fighting
  3485 | D:4      | Got a pitted ivory ring
  3493 | D:4      | Identified the ring of Dishonour {*Tele rN+ Str-2 Dex+3 SInv} (You found it on level 4 of the Dungeon)
  3552 | D:5      | Entered Level 5 of the Dungeon
  3553 | D:5      | Found a glowing silver altar of Zin.
  3554 | D:5      | Found a shattered altar of Ashenzari.
  3556 | D:5      | Found a hide-covered altar of Uskayaw.
  3770 | D:5      | Found a hide-covered altar of Uskayaw.
  3803 | D:5      | Reached XP level 8. HP: 44/49 MP: 8/8
  4005 | D:5      | Reached skill level 1 in Spellcasting
  4381 | D:6      | Noticed thechecker02's ghost (novice NaFi)
  4402 | D:6      | Killed thechecker02's ghost
  4402 | D:6      | Reached skill level 5 in Maces & Flails
  4402 | D:6      | Reached skill level 6 in Armour
  4415 | D:6      | Reached XP level 9. HP: 34/55 MP: 10/12
  4423 | D:6      | Found Tarr's Food Shop.
  4443 | D:6      | Slain by an orc warrior

Vault maps used:
D:1:      kilobyte_arrival_exit_the_forest
D:2:      first_ration, uniq_sigmund
D:3:      kennysheep_slug_shrine, grunt_ministairs_7, lexackson_kobold_supper
D:4:      nicolae_overflow_crystal_walls, lemuel_crystal_altar
D:5:      grunt_temple_overflow_open, basic_altar, minmay_misc_feat_more_columns
D:6:      serial_shops, shop

Skill      XL: |  1  2  3  4  5  6  7  8 |
---------------+-------------------------+-----
Axes           | 3 4 5 |  5.1
Fighting       | 4 5 |  5.9
Dodging        | 2 |  2.6
Armour         | 3 4 5 6 |  6.3
Maces & Flails | 3 5 |  5.2
Spellcasting   | 2 |  2.7
Throwing       | |  0.8
Stealth        | |  0.5

Action                   |  1- 3 |  4- 6 |  7- 9 || total
-------------------------+-------+-------+-------++-------
Melee: Hand axe          |   106 |   125 |       ||   231
       Mace              |       |    25 |   186 ||   211
Throw: Stone             |     1 |     3 |       ||     4
       Tomahawk          |       |     2 |     5 ||     7
  Use: Scroll            |     2 |     2 |     6 ||    10
       Potion            |     1 |       |     2 ||     3
  Eat: Ration            |       |     2 |     1 ||     3
       Chunk             |       |     1 |     2 ||     3
Armor: Animal skin       |    13 |       |       ||    13
       Plate armour      |   115 |   117 |   173 ||   405
Dodge: Dodged            |    85 |    64 |    67 ||   216

Table legend:
 A = Spawn XP
 B = Non-spawn XP
 C = Spawn XP percentage of total XP
 D = Spawn monster count
 E = Non-spawn monster count
 F = Spawn count percentage of total count
 G = Total turns spent on level
                    A         B        C        D         E        F      G
               +---------+---------+-------+---------+---------+-------+---------
         Total |       0 |    2393 |   0.0 |       0 |     123 |   0.0 |  4443
               +---------+---------+-------+---------+---------+-------+---------
           D:1 |       0 |      38 |   0.0 |       0 |      21 |   0.0 |  1122
           D:2 |       0 |     276 |   0.0 |       0 |      25 |   0.0 |   648
           D:3 |       0 |     185 |   0.0 |       0 |      33 |   0.0 |  1023
           D:4 |       0 |     574 |   0.0 |       0 |      21 |   0.0 |   759
           D:5 |       0 |     393 |   0.0 |       0 |      18 |   0.0 |   807
           D:6 |       0 |     927 |   0.0 |       0 |       5 |   0.0 |    84
               +---------+---------+-------+---------+---------+-------+---------
